 Dungeon Crawl Stone Soup version 0.30.0-16-gbe6223bb7e (webtiles) character file.

Game seed: 11242039445217936477

303 NotreDorf the Grave Robber (level 6, -4/46 HPs)
             Began as a Mummy Necromancer on May 20, 2023.
             Slain by a black bear (8 damage)
             ... on level 4 of the Dungeon.
             The game lasted 00:09:27 (3109 turns).

NotreDorf the Grave Robber (Mummy Necromancer)      Turns: 3109, Time: 00:09:27

Health: -4/46      AC:  5    Str: 11    XL:     6   Next: 15%
Magic:  0/12       EV: 12    Int: 22    God:
Gold:   136        SH:  0    Dex: 13    Spells: 4/13 levels left

rFire   . . .        f - staff of death
rCold   + + .        (no shield)
rNeg    + + +        h - +2 robe {rC+ rF+}
rPois   ∞            (no helmet)
rElec   .            (no cloak)
rCorr   .            (no gloves)
SInv    .            j - +0 pair of boots
Will    .....        (no amulet)
Stlth   ++           k - +6 ring of intelligence
HPRegen 0.27/turn    (no ring)
MPRegen 0.13/turn

%: faith
@: no status effects
A: cold resistance 1, negative energy resistance 3, torment resistance 2, heat
vulnerability 1, in touch with death 1, no potions, faith
a: no special abilities


You were on level 4 of the Dungeon.
You visited 1 branch of the dungeon, and saw 4 of its levels.

You collected 136 gold pieces.

Inventory:

Hand Weapons
 c - a +0 dagger of speed
Missiles
 d - 29 stones (quivered)
Armour
 h - a +2 robe of resistance (worn)
 j - a +0 pair of boots (worn)
Magical Staves
 f - a staff of death (weapon)
Jewellery
 k - a +6 ring of intelligence (left hand)
 l - a +4 ring of protection
Scrolls
 a - a scroll of acquirement {unknown}
 b - a scroll of blinking {unknown}
 e - a scroll of amnesia {unknown}
 g - a scroll of teleportation {unknown}
 i - a scroll of vulnerability {unknown}
 m - a scroll of immolation {unknown}
 n - a scroll of butterflies {unknown}


   Skills:
 + Level 2.7 Fighting
 + Level 3.0 Dodging
 - Level 1.5 Stealth
 + Level 4.4 Spellcasting
 + Level 5.0 Necromancy
 + Level 0.4 Evocations


You had 4 spell levels left.
You knew the following spells:

 Your Spells              Type           Power      Damage    Failure   Level
a - Necrotise             Necr           100%       1d9       1%          1
b - Vampiric Draining     Necr           57%        2d10      4%          3
c - Agony                 Necr           57%        N/A       36%         5

Your spell library contained the following spells:

 Spells                   Type           Power      Damage    Failure   Level
 Animate Dead             Necr           57%        N/A       13%         4


Dungeon Overview and Level Annotations

Branches:
Dungeon (4/15)
 Temple: D:4-7

Altars:


Innate Abilities, Weirdness & Mutations

You are immune to poison.
Your flesh is cold resistant. (rC+)
You are immune to negative energy. (rN+++)
You are immune to unholy pain and torment.
You are vulnerable to heat. (rF-)
You are in touch with the powers of death.
You do not drink.
You have a special connection with the divine. (Faith)


Message History

The black bear bites you.
The black bear claws you but does no damage.
The black bear claws you.
Casting: Necrotise (safe; 1% risk of failure)
Confirm with . or Enter, or press ? or * to list all spells.
Aiming: Vampiric Draining (dangerous; 4% risk of failure)
Press: ? - help, Shift-Dir - straight line, f - black bear
Aim: a black bear (moderately wounded)
You feel a strong surge of power!
You draw life force from the black bear!
You feel life coursing into your body! The black bear closely misses you.
The black bear misses you.
The black bear claws you but does no damage.
You closely miss the black bear.
The black bear is severely wounded.
The black bear goes berserk!
The black bear bites you! The black bear closely misses you.
The black bear barely misses you.
Casting: Vampiric Draining (dangerous; 4% risk of failure)
Confirm with . or Enter, or press ? or * to list all spells.
Aiming: Vampiric Draining (dangerous; 4% risk of failure)
Press: ? - help, Shift-Dir - straight line, f/p - black bear
Aim: a black bear (severely wounded, berserk)
You feel a strong surge of power!
You draw life force from the black bear.
You feel life coursing into your body. The black bear bites you!
* * * LOW HITPOINT WARNING * * *
The black bear barely misses you. The black bear misses you.
Casting: Vampiric Draining (dangerous; 4% risk of failure)
Confirm with . or Enter, or press ? or * to list all spells.
Aiming: Necrotise (safe; 1% risk of failure)
Press: ? - help, Shift-Dir - straight line, f/p - black bear
Aim: a black bear (almost dead, berserk, chance to affect: 83%)
You feel a strong surge of power!
The black bear barely resists.
The black bear barely misses you. x3; The black bear bites you!
* * * LOW HITPOINT WARNING * * *
The black bear closely misses you. x2
You hit the black bear.
The black bear is almost dead.
The black bear bites you!
You die...

#... #..# ### #...
... #..# ##.# #.>#
..#####.. #..####
#.).)).).
#..##.#####.#
#........@ho#
##<.#.#.#####
#.....<....######.
##.#.#.###........
#.....###########
##.#......#
##...#####.#
#..#..####.########
#.###..............


You could see a black bear (berserk) and an orc.

Vanquished Creatures
  Sigmund (D:2)
  Terence (D:2)
  3 adders
  4 worms (D:2)
  2 dart slugs (D:1)
  9 orcs
  3 bats
  4 endoplasms
  A giant cockroach (D:1)
  7 goblins
  5 hobgoblins
  5 jackals
  2 quokkas
  6 ball pythons
  5 frilled lizards
  7 kobolds
  3 rats
68 creatures vanquished.

Vanquished Creatures (collateral kills)
  An endoplasm (D:1)
1 creature vanquished.

Grand Total: 69 creatures vanquished

Notes
Turn   | Place    | Note
-------+----------+-------------------------------------------
     0 | D:1      | NotreDorf the Mummy Necromancer began the quest for the
                  | Orb.
     0 | D:1      | Reached XP level 1. HP: 13/13 MP: 4/4
   211 | D:1      | Reached XP level 2. HP: 20/20 MP: 0/5
   724 | D:1      | Reached skill level 1 in Fighting
  1038 | D:2      | Gained mutation: You are in touch with the powers of death.
                  | [Mummy growth]
  1038 | D:2      | Reached XP level 3. HP: 26/26 MP: 5/7
  1292 | D:2      | Noticed Terence
  1296 | D:2      | Killed Terence
  1464 | D:2      | Found a faded altar of an unknown god.
  1596 | D:2      | Reached XP level 4. HP: 32/32 MP: 5/9
  1670 | D:2      | Noticed Sigmund
  1676 | D:2      | Killed Sigmund
  1677 | D:2      | Reached XP level 5. HP: 32/39 MP: 4/11
  1831 | D:2      | Reached skill level 5 in Necromancy
  2154 | D:2      | Learned a level 3 spell: Vampiric Draining
  2160 | D:2      | Learned a level 5 spell: Agony
  2455 | D:3      | Reached XP level 6. HP: 39/46 MP: 8/12
  3109 | D:4      | Slain by a black bear

Illustrated notes

Levels and vault maps discovered:
D:1:      eino_arrival_water_cross, layout_loops_ring
D:2:      layout_loops_ring, ebering_ecumenical_altar_hall, uniq_sigmund,
          uniq_terence
D:3:      layout_basic
D:4:      layout_loops_ring, minmay_box_of_dots

Skill      XL: |  1  2  3  4  5  6 |
---------------+-------------------+-----
Spellcasting   | 3 4 |  4.4
Fighting       | 1 2 |  2.7
Dodging        | 2 3 |  3.0
Necromancy     | 5 |  5.0
Stealth        | |  1.5
Evocations     | |  0.4

Action                     |  1- 3 |  4- 6 || total
---------------------------+-------+-------++-------
  Melee: Club              |     8 |       ||     8
         Dagger            |    13 |       ||    13
         Staff             |       |    23 ||    23
   Cast: Necrotise         |    57 |    73 ||   130
         Vampiric Draining |       |     2 ||     2
 Armour: Robe              |     1 |    12 ||    13
  Dodge: Dodged            |    19 |    35 ||    54
